[Event "*** Titled Tuesday Blitz"]
[Site "Chess.com"]
[Date "2019.06.04"]
[Round "3"]
[White "IIIlllII1llIl"]
[Black "nocnypako"]
[Result "1-0"]
[WhiteElo "2769"]
[BlackElo "2561"]
[TimeControl "180+2"]
[EndTime "13:37:35 PDT"]
[Termination "IIIlllII1llIl won by resignation"]

1. e4 c5 2. c3 d5 3. exd5 Qxd5 4. d4 g6 5. Nf3 Bg7 6. Na3 cxd4 7. Nb5 Na6 8. Be3 Nf6 9. Bxd4 O-O 10. Bxa7 Bd7 11.
Qxd5 Nxd5 12. Bd4 e5 13. Be3 Nxe3 14. fxe3 Nc5 15. a3 Bc6 16. Be2 Rfd8 17. O-O Nd3 18. a4 Nxb2 19. Ng5 Rd7 20. Rab1 Nxa4 21. Bc4 Rf8 22.
Nxf7 Rfxf7 23. Rxf7 Rxf7 24. Nd6 Nxc3 25. Bxf7+ Kf8 26.
Rf1 Ke7 27. Nc4 Nd5 28. Bg8 Nf6 29. Nxe5 Nxg8 30. Rf7+ Ke6 31. Rxg7 Nf6 32. Nxc6 bxc6 33. h3 c5 34. Kf2 c4 35. Ke2 Kd5 36. Rf7 Ke6 37. Rc7 Kd5 38. Kd2 Ne4+ 39. Kc2 Nf6 40.
g4 h6 41. Rg7 g5 42. Rg6 Ne4 43. Rxh6 Nf2 44. Rh5 Ke4 45. Rxg5 Nxh3 46. Rg8 Kxe3 47. g5 Kf4 48. g6 1-0

[Event "*** Titled Tuesday Blitz"]
[Site "Chess.com"]
[Date "2019.06.04"]
[Round "3"]
[White "Fins0905"]
[Black "GadimbayliA"]
[Result "0-1"]
[WhiteElo "2687"]
[BlackElo "2853"]
[TimeControl "180+2"]
[EndTime "13:37:36 PDT"]
[Termination "GadimbayliA won by resignation"]

1. d4 e6 2. c4 b6 3. Nc3 Bb7 4. Nf3 Nf6 5. g3 Bb4 6. Bd2 Bxc3 7. Bxc3 d6 8. Bg2 Nbd7 9. O-O Ne4 10. Qc2 f5 11. Nd2 Nxc3 12. Qxc3 Bxg2 13. Kxg2 O-O 14. f4 Nf6 15. Rae1 d5 16. e3 Rc8 17. c5 Qe8 18. Rc1 Qh5 19. Qd3 c6 20. cxb6 axb6 21. b4 Kh8 22. Rc2 g5 23. fxg5 Qxg5 24. Nf3 Qh6 25. Ne5 Ng4 26. Nxg4 fxg4 27. Rf4 Qh5 28. Rxc6 Rxc6 29.
Rxf8+ Kg7 30. Rf1 Qg6 31. Qxg6+ Kxg6 32. Rf2 b5 33. a4 bxa4 34. Ra2 Kf5 35. Rxa4 Rc2+ 36.
Kg1 Ke4 37. Ra1 Rb2 38. Rf1 Rxb4 39. Rf6 Rb1+ 40. Kg2 Rb2+ 41. Kg1 Kxe3 42. Rxe6+ Kxd4 43. Rh6 Rb7 44. Kf2 Kd3 45. Rh4 Rg7 46. h3 Rf7+ 47. Kg2 d4 48. Rxg4 Ke3 49. Rg8 d3 50. Re8+ Kd2 51. g4 Rc7 52. Rd8 Kc2 53. Kf3 d2 54. h4 d1=Q+ 55. Rxd1 Kxd1 56. g5 Rc4 57. Kg3 Ke2 58.
h5 Ke3 59. g6 hxg6 60. h6 Rc5 0-1

[Event "*** Titled Tuesday Blitz"]
[Site "Chess.com"]
[Date "2019.06.04"]
[Round "3"]
[White "TristanCalistri"]
[Black "Saitama_Hero"]
[Result "1-0"]
[WhiteElo "2256"]
[BlackElo "2429"]
[TimeControl "180+2"]
[EndTime "13:37:37 PDT"]
[Termination "TristanCalistri won by resignation"]

1. e4 c5 2. Nf3 d6 3. Bb5+ Bd7 4. Bxd7+ Qxd7 5. O-O Nf6 6. e5 dxe5 7. Nxe5 Qc7 8. d4 Nc6 9. Nxc6 Qxc6 10. c4 cxd4 11. Qxd4 e6 12. Nc3 Bc5 13. Qh4 O-O 14. Bg5 Be7 15.
b3 h6 16. Be3 a6 17. h3 b5 18. Rac1 bxc4 19. Na4 Nd5 20. Qe4 c3 21. Rxc3 Qb5 22.
Rc4 Rac8 23. Rfc1 Rxc4 24. Rxc4 Nxe3 25. Qxe3 Rd8 26. Nc3 Qf5 27. Qe2 Bg5 28. Ne4 Bf4 29.
g3 Be5 30. Kg2 Bd4 31. Nd2 Bxf2 32. Rf4 Qd5+ 33. Ne4 Bb6 34. Kh2 f5 35. Nc3 Qd2 36.
Qxd2 Rxd2+ 37. Kh1 Bc7 38. Rf3 g6 39. g4 Kg7 40. a4 Kf6 41. b4 e5 42. b5 axb5 43. axb5 e4 44. Nxe4+ Ke5 45. Nxd2 f4 46. Kg2 g5 47. Kf1 Bb6 48. Ke2 Kd5 49. Kd3 Kc5 50. Nc4 Kd5 51. Nxb6+ 1-0

[Event "*** Titled Tuesday Blitz"]
[Site "Chess.com"]
[Date "2019.06.04"]
[Round "3"]
[White "penguingm1"]
[Black "Zubrrr"]
[Result "0-1"]
[WhiteElo "2909"]
[BlackElo "2704"]
[TimeControl "180+2"]
[EndTime "13:37:39 PDT"]
[Termination "Zubrrr won by resignation"]

1. d4 d5 2. Bf4 c5 3. e3 Nc6 4.
Nf3 Nf6 5. Nbd2 Bg4 6. c3 e6 7. Qb3 Qb6 8. Qxb6 axb6 9. Bb5 Nd7 10. a4 Be7 11. Ne5 Ndxe5 12. Bxe5 f6 13. Bc7 Bd8 14. Bd6 Be7 15. Bc7 Bd8 16. Bg3 Kd7 17. f3 Bh5 18.
Nb3 c4 19. Nd2 Bc7 20. e4 Bg6 21. Kf2 Bxg3+ 22. hxg3 Kc7 23. exd5 exd5 24. Rhe1 Rhe8 25. Nf1 Rxe1 26. Rxe1 Kd6 27. Ne3 Na7 28. Bxc4 dxc4 29. Nxc4+ Kc6 30. Re7 Nc8 31. Rxg7 Rxa4 32. Na3 Nd6 33. Rg8 b5 34. Rd8 b4 35. cxb4 Rxb4 36. Ke3 Kc7 37. Ra8 Rxb2 38. g4 Rxg2 39. d5 Rb2 40. Kd4 Rb3 41. f4 Rxa3 42. Rg8 Ra4+ 43. Ke3 Re4+ 44. Kf3 Rd4 45. Rg7+ Kb6 46. f5 Nxf5 47.
gxf5 Bxf5 48. Rf7 Rxd5 49. Rxf6+ Kc5 50. Kf4 b5 51. Rf8 Kd4 0-1

[Event "*** Titled Tuesday Blitz"]
[Site "Chess.com"]
[Date "2019.06.04"]
[Round "3"]
[White "LazovT"]
[Black "Pechen_Yeltsina"]
[Result "1-0"]
[WhiteElo "2587"]
[BlackElo "2682"]
[TimeControl "180+2"]
[EndTime "13:37:45 PDT"]
[Termination "LazovT won by resignation"]

1. e4 g6 2. d4 Bg7 3. Nc3 d6 4. f4 a6 5. Nf3 b5 6. Bd3 Bb7 7. Qe2 Nd7 8. e5 Nb6 9. a4 b4 10. Ne4 Nh6 11. Nf6+ exf6 12. exf6+ Kf8 13. fxg7+ Kxg7 14. O-O Re8 15. Qf2 Ng4 16. Qg3 f5 17.
h3 Nh6 18. Bd2 Nd5 19. a5 Qd7 20. Nh4 Kh8 21. c4 bxc3 22. bxc3 Nf6 23. c4 Be4 24. d5 Bxd3 25. Qxd3 Ne4 26. Be3 c5 27. dxc6 Qxc6 28. Nf3 Nf7 29. Qd5 Qxd5 30. cxd5 Kg8 31. Rfd1 Nc3 32. Rd3 Nxd5 33. Bd2 Nf6 34. Nd4 Ne4 35. Bb4 Rab8 36. Ba3 Rec8 37. Kh2 Rc3 38. Rxc3 Nxc3 39. Nc6 Rb3 40. Bc1 Nd5 41. Bd2 Rd3 42. Ra2 Kf8 43. Rb2 Ke8 44. Nb8 Nc7 45. Be1 Nd8 46. Bf2 Rd5 47. Bb6 Nde6 48. Rc2 Nb5 49. Nxa6 Ned4 50. Rc8+ Kd7 51. Rd8+ Kc6 52. Nb4+ 1-0

[Event "*** Titled Tuesday Blitz"]
[Site "Chess.com"]
[Date "2019.06.04"]
[Round "3"]
[White "Gahan-MG"]
[Black "colemman"]
[Result "0-1"]
[WhiteElo "2647"]
[BlackElo "2610"]
[TimeControl "180+2"]
[EndTime "13:37:45 PDT"]
[Termination "colemman won by checkmate"]

1. e4 c5 2. c3 e6 3. d4 Nf6 4. e5 Nd5 5. Nf3 cxd4 6. cxd4 b6 7. Bd3 Bb7 8. O-O d6 9. a3 Nd7 10. Qe2 Rc8 11. Bd2 dxe5 12. Nxe5 Bd6 13. Nc3 O-O 14. Rac1 Bxe5 15. dxe5 Nc5 16. Bc2 Ba6 17. Nb5 Nc7 18. a4 Nxb5 19. axb5 Bxb5 20. Qxb5 Qxd2 21.
Rfd1 Qf4 22. Qe2 Rfd8 23. g3 Qb4 24. f4 g6 25. Rxd8+ Rxd8 26. Rd1 Rc8 27. Qg4 Qxb2 28. Qg5 Nb7 29. Ba4 b5 30. Qe7 bxa4 31. Rf1 a3 32. f5 Qxe5 33. fxg6 Qe3+ 34. Kh1 Qe4+ 35. Kg1 Qxg6 36.
Qxb7 Rc2 37. Qxa7 a2 38. Qb8+ Kg7 39. Qe5+ Kf8 40. Qb8+ Ke7 41. Qa7+ Kf8 42. Qb8+ Kg7 43. Qe5+ f6 44. Qxe6 Qf7 45. Qe4 Qa7+ 46. Kh1 a1=Q 47. Qg4+ Kh8 48. Qf5 Qb7+ 49. Kg1 Qaa7+ 50. Rf2 Rc1# 0-1

[Event "*** Titled Tuesday Blitz"]
[Site "Chess.com"]
[Date "2019.06.04"]
[Round "3"]
[White "Aragon"]
[Black "mjray79"]
[Result "1-0"]
[WhiteElo "2073"]
[BlackElo "2115"]
[TimeControl "180+2"]
[EndTime "13:37:46 PDT"]
[Termination "Aragon won by checkmate"]

1. e4 e5 2. Nf3 Nc6 3. Nc3 Nf6 4. Be2 Bb4 5. Nd5 Bc5 6. Nxe5 Nxe5 7. d4 Nxd5 8. exd5 Bb4+ 9. c3 Bxc3+ 10. bxc3 Ng6 11. d6 O-O 12. Ba3 Re8 13. O-O cxd6 14.
Bxd6 Qf6 15. Bg3 d5 16. Bf3 Be6 17. Qb3 Rac8 18. Rac1 Rc4 19. Qxb7 Nh4 20. Bxd5 Re7 21. Qb3 Rc8 22. Bxe6 Rxe6 23. d5 Re4 24. c4 Nf5 25. c5 Nd4 26. Qb7 Ne2+ 27. Kh1 Rce8 28. Rcd1 Nc3 29. f3 Nxd1 30. Rxd1 Rd4 31. Qb1 Rxd1+ 32.
Qxd1 h5 33. d6 Rd8 34. c6 h4 35. c7 Rf8 36. Bf2 Qe6 37. d7 Kh7 38. d8=Q Rxd8 39. cxd8=Q Qxa2 40. Qxh4+ Kg6 41. Qd3+ f5 42. Qg4+ Kf7 43.
Qgxf5+ Ke8 44. Qfe4+ Kf8 45. Bc5+ Kg8 46. Qed5+ Kh8 47.
Qxa2 a5 48. Bf8 g6 49. Qf7 a4 50. Qdxg6 a3 51. Qgg7# 1-0

[Event "*** Titled Tuesday Blitz"]
[Site "Chess.com"]
[Date "2019.06.04"]
[Round "3"]
[White "Indianlad"]
[Black "Zq1"]
[Result "1-0"]
[WhiteElo "2876"]
[BlackElo "2503"]
[TimeControl "180+2"]
[EndTime "13:37:48 PDT"]
[Termination "Indianlad won by resignation"]

1. Nf3 d5 2. g3 Nf6 3. Bg2 c6 4. O-O Bf5 5. c4 e6 6. d3 dxc4 7. dxc4 Nbd7 8. Nc3 h6 9. Be3 Bc5 10.
Bxc5 Nxc5 11. Nd4 Bh7 12. Nxc6 bxc6 13. Bxc6+ Nfd7 14. Qd6 Qe7 15. Qxe7+ Kxe7 16. Bxa8 Rxa8 17. b4 Ne4 18. Nxe4 Bxe4 19. f3 Bc2 20. c5 Ba4 21. Rfc1 Ne5 22. a3 a6 23. f4 Nc6 24. Kf2 Rd8 25. Ra2 f5 26. Rc3 Rd1 27. Rd3 Rh1 28.
Kg2 Rc1 29. Rad2 g5 30. Rd7+ Kf6 31. Rh7 Kg6 32. Rc7 Kf6 33. h4 gxf4 34. gxf4 Rc4 35.
e3 Ne7 36. Rd8 Nd5 37. Ra7 Nxe3+ 38. Kf3 Nd5 39. Rxa6 Rxf4+ 40. Kg2 Bb3 41. c6 Ne3+ 42. Kg3 Rc4 43. b5 f4+ 44. Kf2 Rc2+ 45. Kf3 Ke5 46. b6 Bd5+ 47. Rxd5+ Nxd5 48. b7 Rb2 49. Ra8 Rb3+ 50.
Kf2 Rb2+ 51. Ke1 f3 52. b8=Q+ Rxb8 53. Rxb8 Ke4 54. Kf2 e5 55. Rf8 1-0

[Event "*** Titled Tuesday Blitz"]
[Site "Chess.com"]
[Date "2019.06.04"]
[Round "3"]
[White "Polish_fighter3000"]
[Black "mouseWLZ"]
[Result "1/2-1/2"]
[WhiteElo "3004"]
[BlackElo "2688"]
[TimeControl "180+2"]
[EndTime "13:37:56 PDT"]
[Termination "Game drawn by repetition"]

1. e4 c6 2. Nc3 d5 3. Nf3 dxe4 4. Nxe4 Nf6 5. Qe2 Nxe4 6. Qxe4 Nd7 7. Bc4 Nf6 8. Ne5 e6 9. Qe3 Qb6 10. d4 Be7 11. c3 O-O 12. Qg3 Kh8 13. Bd3 c5 14. Nc4 Qd8 15. Be3 b5 16. Ne5 c4 17. Bc2 Bb7 18.
Bg5 Ne4 19. Bxe7 Qxe7 20. Qe3 Nf6 21. Qh3 Be4 22. Rc1 Qb7 23. O-O Bxc2 24. Rxc2 Rad8 25. f4 Kg8 26. Re2 Nd5 27. Rf3 b4 28. Qh4 bxc3 29.
Rh3 h6 30. bxc3 Qb1+ 31. Re1 Qc2 32. Rg3 Kh7 33. Qg4 g6 34. Qh4 Rb8 35. Nd7 Rfc8 36. Rh3 h5 37. Nxb8 Rxb8 38. Qf2 Qxf2+ 39. Kxf2 Nxf4 40.
Rf3 Nd3+ 41. Rxd3 cxd3 42. Ke3 Rb2 43. Kxd3 Rxg2 44. c4 Kg7 45. c5 Kf8 46. a4 Rxh2 47. Rb1 Ra2 48. Rb8+ Ke7 49. Rb7+ Ke8 50. Rxa7 h4 51. c6 Kd8 52. Kc4 Rc2+ 53. Kb5 Ke8 54. Ra8+ Ke7 55. Rh8 Kd6 56. Rd8+ Ke7 57. Rh8 Kd6 58.
Rd8+ Ke7 59. Rh8 1/2-1/2

[Event "*** Titled Tuesday Blitz"]
[Site "Chess.com"]
[Date "2019.06.04"]
[Round "3"]
[White "Gentlejimmy7"]
[Black "ChessWarrior7197"]
[Result "1-0"]
[WhiteElo "2518"]
[BlackElo "2839"]
[TimeControl "180+2"]
[EndTime "13:37:58 PDT"]
[Termination "Gentlejimmy7 won by resignation"]

1. d4 Nf6 2. Nf3 c5 3. dxc5 e6 4. g3 Bxc5 5. Bg2 O-O 6. O-O Nc6 7. c4 d5 8. cxd5 Nxd5 9. a3 Qf6 10. Qc2 Bb6 11. Bg5 Qg6 12. Qxg6 hxg6 13. Nc3 Nxc3 14. bxc3 e5 15. Nd2 f6 16. Bd5+ Kh7 17. Be3 Bxe3 18. fxe3 Bh3 19. Rfb1 Rab8 20. Kf2 Na5 21. Nb3 Nxb3 22.
Rxb3 b6 23. a4 Rfc8 24. a5 b5 25. a6 Bd7 26. c4 bxc4 27. Rb7 c3 28. Rxd7 c2 29.
Rb7 Ra8 30. Rc1 Rc5 31. e4 f5 32. Re7 Rf8 33. Ke3 Rb8 34. Rb7 Rd8 35. Rxa7 Rc3+ 36. Kd2 Ra3 37. Kxc2 fxe4 38. Bxe4 Ra2+ 39. Kb3 Rxe2 40.
Rc4 Rdd2 41. Bc2 Rd6 42. Rcc7 Rb6+ 43. Kc3 Kh6 44. Ra8 e4 45. a7 Ra6 46. Re8 Kg5 47. a8=Q Rxa8 48. Rxa8 Rxh2 49. Re8 Rg2 50. Rxg7 Rxg3+ 51. Kd4 Kh6 52. Rge7 Rg4 53. Bxe4 Rg1 54. Rg8 1-0

[Event "*** Titled Tuesday Blitz"]
[Site "Chess.com"]
[Date "2019.06.04"]
[Round "3"]
[White "WPWPWP-2015"]
[Black "annakantane"]
[Result "1-0"]
[WhiteElo "2446"]
[BlackElo "2225"]
[TimeControl "180+2"]
[EndTime "13:37:59 PDT"]
[Termination "WPWPWP-2015 won by checkmate"]

1. e4 d5 2. exd5 Qxd5 3. Nc3 Qd6 4. Nf3 g6 5. g3 Bg7 6. Bg2 e5 7. O-O Ne7 8. h3 O-O 9. Re1 Nbc6 10. d3 h6 11. a4 Nf5 12. Ne4 Qd8 13. a5 Rb8 14.
a6 bxa6 15. Nc5 Rb6 16. Nd2 Qe7 17. Na4 Ncd4 18. Nxb6 axb6 19. c3 Ne6 20. Nc4 f6 21. b3 Rd8 22. Qc2 Qd7 23. Rd1 a5 24. Ne3 Nd6 25.
Nd5 Kh7 26. h4 Bb7 27. h5 f5 28. hxg6+ Kxg6 29. Qe2 Ng5 30. Ba3 Ba8 31. f4 exf4 32. gxf4 Re8 33. Qf2 Ne6 34. d4 Kh7 35. Bxd6 Qxd6 36.
Ne3 Bxg2 37. Nxg2 Bf6 38. Rd3 Qd5 39. Re1 Qxb3 40. Rde3 a4 41. Qe2 Rg8 42. Rxe6 Bh4 43. Rf1 Qd5 44. Re3 a3 45. Rh3 Bd8 46. Kh2 a2 47. Rg3 Rf8 48. Qh5 Qa5 49. Qg6+ Kh8 50. Qg7# 1-0

[Event "*** Titled Tuesday Blitz"]
[Site "Chess.com"]
[Date "2019.06.04"]
[Round "3"]
[White "Vamostodorecto"]
[Black "vohiraa"]
[Result "1-0"]
[WhiteElo "2436"]
[BlackElo "2319"]
[TimeControl "180+2"]
[EndTime "13:37:59 PDT"]
[Termination "Vamostodorecto won by resignation"]

1. d4 Nf6 2. c4 g6 3. Nc3 Bg7 4.
e4 d6 5. Be2 O-O 6. Nf3 e5 7. O-O Nc6 8. d5 Ne7 9. Ne1 Nd7 10. Be3 f5 11. f3 f4 12. Bf2 g5 13.
Rc1 Ng6 14. c5 Nxc5 15. b4 Na6 16. Nd3 Rf7 17. Nb5 Bd7 18. a4 Bf8 19. Rc4 c6 20. Nxa7 cxd5 21. exd5 Qe8 22. b5 Nc5 23. Nxc5 dxc5 24.
b6 Bd6 25. Bxc5 Bxc5+ 26. Rxc5 Bxa4 27. Qc1 e4 28. fxe4 Qxe4 29. Bf3 Qb4 30. Nc8 Bd7 31. d6 Rxc8 32. Rxc8+ Bxc8 33. Qxc8+ Kg7 34. Rd1 Qxb6+ 35. Kh1 Rf8 36. d7 Rd8 37. h3 Ne5 38. Bxb7 g4 39. Qc3 Qf6 40. Bc8 g3 41. Rd5 Nxd7 42.
Qxf6+ Kxf6 43. Bxd7 Ra8 44. Rd1 f3 45. Bc6 fxg2+ 46. Kxg2 Ra3 47. Bf3 Kg5 48. Kxg3 h5 49. Rd5+ Kh6 50. Rxh5+ Kg6 51. Rd5 1-0

[Event "*** Titled Tuesday Blitz"]
[Site "Chess.com"]
[Date "2019.06.04"]
[Round "3"]
[White "dopolian"]
[Black "AsaHoffmann"]
[Result "1-0"]
[WhiteElo "2262"]
[BlackElo "2164"]
[TimeControl "180+2"]
[EndTime "13:38:00 PDT"]
[Termination "dopolian won by resignation"]

1. e4 d6 2. d4 Nf6 3. Nc3 c6 4. f4 Qa5 5. Bd3 e5 6. Nf3 exd4 7. Nxd4 Qb6 8. Nb3 a5 9. a4 Na6 10. h3 Nb4 11. Qe2 Be6 12. Be3 Nxd3+ 13. Qxd3 Qa6 14.
Qxa6 Rxa6 15. Nd4 Be7 16. O-O O-O 17. Nxe6 fxe6 18. Rad1 d5 19. Rfe1 Bb4 20. e5 Bxc3 21. bxc3 Ne4 22. c4 Rc8 23. c5 Raa8 24. Rd3 Rc7 25.
Rb1 Ra7 26. Rdb3 Rd7 27. c3 h6 28. g4 g6 29. Rf1 Ra8 30. f5 gxf5 31. gxf5 exf5 32.
Rxf5 Kh7 33. e6 Rg7+ 34. Kh2 Rag8 35. Rf7 Rxf7 36. exf7 Rf8 37. Rxb7 Nxc3 38. Bf4 Kg6 39. Rc7 Rxf7 40. Rxc6+ Kf5 41. Bc7 d4 42. Bxa5 Nxa4 43.
Rd6 Ke5 44. Rxh6 Nxc5 45. Rh5+ Rf5 46. Rh8 Ke4 47. Kg3 Rf3+ 48. Kg4 Ra3 49. Bb4 d3 50. Re8+ Kd4 51. Bxa3 d2 52. Bxc5+ Kxc5 53. Rd8 1-0

[Event "*** Titled Tuesday Blitz"]
[Site "Chess.com"]
[Date "2019.06.04"]
[Round "3"]
[White "Haykos"]
[Black "Barcelona_Guy"]
[Result "0-1"]
[WhiteElo "2580"]
[BlackElo "2683"]
[TimeControl "180+2"]
[EndTime "13:38:01 PDT"]
[Termination "Barcelona_Guy won on time"]

1. e4 e5 2. Nf3 Nc6 3. Bc4 Bc5 4. d3 Nf6 5. O-O d6 6. c3 O-O 7. a4 a5 8. Na3 h6 9. Nc2 Re8 10. Be3 Bxe3 11. Nxe3 Ng4 12. Qb3 Rf8 13. h3 Nxe3 14. fxe3 Qe7 15. Rf2 Kh8 16. Raf1 b6 17. Bd5 Bd7 18. Kh2 Rae8 19. g3 Nd8 20. Nh4 g5 21. Nf5 Bxf5 22. Rxf5 f6 23. Qc4 Kg7 24. b4 axb4 25.
cxb4 Qd7 26. a5 c6 27. a6 cxd5 28. exd5 b5 29. Qg4 Re7 30. h4 Nf7 31. Qh5 Nh8 32.
Qg4 Ref7 33. Ra1 Qa7 34. Qe4 Ng6 35. Rf2 f5 36. Qg2 Qxe3 37. h5 Nh8 38. Rfa2 Ra7 39. Qc2 Qb6 40. Rc1 Rxa6 41. Qc7+ Nf7 42. Rxa6 Qxa6 43.
Rc6 Qa2+ 44. Kh1 Qb1+ 45. Kh2 Qb2+ 46. Kg1 Ra8 47. Rc2 Ra1+ 48. Kh2 Qb1 49. Kh3 g4+ 0-1

[Event "*** Titled Tuesday Blitz"]
[Site "Chess.com"]
[Date "2019.06.04"]
[Round "3"]
[White "levallem"]
[Black "PawnEatingZombie"]
[Result "1-0"]
[WhiteElo "2271"]
[BlackElo "2147"]
[TimeControl "180+2"]
[EndTime "13:38:02 PDT"]
[Termination "levallem won by checkmate"]

1. d4 d5 2. c4 e6 3. Nc3 Bb4 4. e3 Nf6 5. Nf3 O-O 6. Bd2 b6 7. cxd5 exd5 8. Rc1 a6 9. a3 Bd6 10.
Bd3 Bb7 11. Qc2 Re8 12. b4 Nbd7 13.
O-O Ne4 14. Be1 Qf6 15. Ne2 Qh6 16. Ng3 g6 17. Nd2 f5 18. Nb3 Kh8 19. Bd2 Re7 20.
Rce1 Rae8 21. Re2 Qg7 22. Rfe1 h5 23. Nf1 h4 24. Bc1 Qf6 25. f3 Ng5 26. Rf2 f4 27.
Rfe2 h3 28. exf4 hxg2 29. fxg5 gxf1=Q+ 30. Rxf1 Rxe2 31. Bxe2 Qe6 32. Bd3 Nf8 33. Qf2 Nh7 34. Bd2 Bc8 35. Re1 Qf7 36. Rxe8+ Qxe8 37. Qh4 Qf7 38. f4 Bf5 39. Be2 a5 40. bxa5 bxa5 41. Nxa5 Bxa3 42. Nc6 Qe6 43. Ne5 Kg8 44. Qf2 c5 45. h4 c4 46. Bc3 Bd6 47. Bf3 Bxe5 48.
dxe5 Qf7 49. Qc5 Be6 50. Bd2 Kg7 51. Kf2 Nf8 52. Kg3 Qf5 53. Qd4 Qh3+ 54. Kf2 Qxh4+ 55. Ke3 Qh3 56. Ke2 Qf5 57. Bc3 Bf7 58. e6+ Kh7 59.
Qg7# 1-0

[Event "*** Titled Tuesday Blitz"]
[Site "Chess.com"]
[Date "2019.06.04"]
[Round "3"]
[White "Gordima"]
[Black "Lagravesamuell"]
[Result "1-0"]
[WhiteElo "2769"]
[BlackElo "2581"]
[TimeControl "180+2"]
[EndTime "13:38:04 PDT"]
[Termination "Gordima won by checkmate"]

1. Nf3 c5 2. e4 d6 3. d4 cxd4 4. Qxd4 Nf6 5. c4 Nc6 6. Qe3 g6 7. Nc3 Bg7 8. Be2 O-O 9. O-O Bg4 10. Rd1 Bxf3 11. Qxf3 Rc8 12. Bf4 Nd7 13. Qg3 Nd4 14.
Bf1 Ne6 15. Bd2 Nec5 16. Qe3 Ne5 17. Rab1 f5 18. exf5 gxf5 19. b4 Ng4 20. Qh3 Ne6 21. Nd5 Rf7 22. Re1 Nd4 23. Bd3 e6 24. Nf4 Ne5 25. Nh5 Bh8 26. Qg3+ Ng6 27. Bg5 Qc7 28. h4 e5 29. Rbd1 Ne6 30. Bc1 e4 31. Bf1 Be5 32. f4 exf3 33. Qxf3 Nxh4 34. Qh3 Ng6 35. c5 dxc5 36. Bc4 Re8 37. b5 Kh8 38. Re2 Rfe7 39.
Rde1 Nd4 40. Re3 Bh2+ 41. Qxh2 Qxh2+ 42. Kxh2 Ne5 43. Kh3 Nc2 44. Bb2 Nd4 45. Nf6 Nxc4 46.
Rxe7 Rxe7 47. Rxe7 Nxb2 48. Rxh7# 1-0

[Event "*** Titled Tuesday Blitz"]
[Site "Chess.com"]
[Date "2019.06.04"]
[Round "3"]
[White "hellokostya"]
[Black "IMRosen"]
[Result "1-0"]
[WhiteElo "2530"]
[BlackElo "2531"]
[TimeControl "180+2"]
[EndTime "13:38:06 PDT"]
[Termination "hellokostya won by resignation"]

1. d4 Nf6 2. c4 Nc6 3. Nf3 e6 4. Nc3 Bb4 5. Qc2 d6 6. Bd2 O-O 7. e3 Qe7 8. Be2 e5 9. d5 Nb8 10. a3 Bxc3 11. Bxc3 a5 12. b3 Nbd7 13. e4 Nc5 14.
Nd2 Ng4 15. h3 Qh4 16. g3 Qh6 17. Bf3 Nf6 18. Nf1 a4 19. b4 Nb3 20. Rd1 Re8 21.
Ne3 g6 22. Bg2 Qg7 23. O-O Qh6 24. g4 Qf4 25. Rde1 h5 26. f3 Kg7 27. Qf2 Bd7 28. c5 Bb5 29. Qh4 Bxf1 30. Nxf1 hxg4 31. hxg4 Rh8 32.
Qg3 Qg5 33. Re2 Rh7 34. Rf2 Qc1 35. Bb2 Qd1 36. f4 Qxg4 37. fxe5 Qxg3 38. exf6+ Kg8 39.
Nxg3 dxc5 40. bxc5 Nxc5 41. e5 Rh4 42. d6 cxd6 43.
exd6 Nd3 44. Rd2 Nxb2 45. Rxb2 Rd4 46. Ne4 Rb8 47. Kf2 b5 48. Ke3 Rd1 49. Bf3 b4 50. Bxd1 b3 51. Nc5 Rb5 52. Nxa4 Rd5 53. Nc3 Rxd6 54. Rxb3 Rxf6 55. a4 Rf5 56. Rb5 Rf6 57. a5 Ra6 58. Be2 Kg7 59. Ne4 Ra7 60. Nc5 f5 61. Rb7+ 1-0

[Event "*** Titled Tuesday Blitz"]
[Site "Chess.com"]
[Date "2019.06.04"]
[Round "3"]
[White "DamianoLew95"]
[Black "MrVenky"]
[Result "0-1"]
[WhiteElo "2492"]
[BlackElo "2789"]
[TimeControl "180+2"]
[EndTime "13:38:07 PDT"]
[Termination "MrVenky won on time"]

1. e4 e5 2. Nf3 Nc6 3. Bb5 a6 4. Bxc6 dxc6 5. O-O f6 6. d4 Bg4 7. dxe5 Qxd1 8. Rxd1 fxe5 9. Rd3 Bxf3 10. Rxf3 Nf6 11.
Nc3 Rd8 12. Bg5 Be7 13. Rd1 Rxd1+ 14. Nxd1 Nxe4 15. Bxe7 Kxe7 16. g3 Rd8 17. Ne3 g6 18.
Nc4 Nd2 19. Rc3 Nxc4 20. Rxc4 Ke6 21. Kf1 Rd1+ 22. Ke2 Rb1 23. b3 Kd5 24. Rc3 e4 25. f3 Rh1 26. fxe4+ Kxe4 27. Rc4+ Kf5 28. h4 h5 29.
Rf4+ Ke6 30. Re4+ Kd6 31. Rd4+ Kc5 32. Rf4 Rh2+ 33. Kd3 Rg2 34. Rf3 b5 35. a3 a5 36.
Kc3 Kd5 37. Kd3 c5 38. Re3 b4 39. axb4 cxb4 40. Rf3 c5 41. Re3 Rg1 42. Rf3 c4+ 43.
bxc4+ Kc5 44. Re3 a4 45. Re5+ Kd6 46. Rg5 a3 47. Rxg6+ Kc5 48. Rg5+ Kb6 49. Rb5+ Kc6 50. Ra5 Rxg3+ 51. Kd2 Rg4 52. c3 Rg2+ 53. Kc1 bxc3 54.
Rxa3 c2 55. Ra5 Rg4 56. Rxh5 Rxc4 57. Rh8 Kb5 58. h5 Kb4 59. h6 Kc3 60. Rf8 Rh4 61. Rc8+ Kb3 0-1

[Event "*** Titled Tuesday Blitz"]
[Site "Chess.com"]
[Date "2019.06.04"]
[Round "3"]
[White "Dr-Bassem"]
[Black "FelixBlohberger"]
[Result "1-0"]
[WhiteElo "2846"]
[BlackElo "2616"]
[TimeControl "180+2"]
[EndTime "13:38:08 PDT"]
[Termination "Dr-Bassem won by resignation"]

1. e4 e5 2. Nf3 Nc6 3. Bc4 Bc5 4. O-O Nf6 5. d3 d6 6. c3 h6 7. Re1 O-O 8. Bb3 a5 9. Nbd2 Ne7 10. d4 Ba7 11. h3 Ng6 12. Nf1 Re8 13. Ng3 c6 14.
Be3 b5 15. Qd2 a4 16. Bc2 Be6 17. Rad1 Qc8 18. Nf5 Bxf5 19. exf5 Nf8 20. dxe5 dxe5 21. Bxa7 Rxa7 22. Rxe5 Rd7 23. Rxe8 Qxe8 24. Qe1 Rxd1 25.
Qxd1 Qe7 26. g3 N8d7 27. Kg2 Qc5 28. Qd4 Nd5 29. Be4 a3 30. Bxd5 cxd5 31. b4 Qc6 32. Qa7 Kh7 33. Qxa3 Nf6 34. Nd4 Qc4 35. Qb3 Qd3 36.
Qc2 Qc4 37. f3 h5 38. g4 hxg4 39. hxg4 Kg8 40. Kf2 Nd7 41. Qb3 Qd3 42. Qxd5 Qd2+ 43. Kg3 Qe1+ 44. Kg2 Qd2+ 45. Kh3 Nf6 46. Qxb5 Qxc3 47.
Qc5 Qe1 48. Nc2 Qh1+ 49. Kg3 Kh7 50. a4 Qd1 51. a5 Nd5 52. Qd4 Qxc2 53. Qxd5 Qb1 54.
Qd2 Qg1+ 55. Kf4 Qb1 56. Ke3 Qb3+ 57. Ke4 Qc4+ 58. Qd4 Qe2+ 59. Kd5 Qxf3+ 60. Kc5 1-0

[Event "*** Titled Tuesday Blitz"]
[Site "Chess.com"]
[Date "2019.06.04"]
[Round "3"]
[White "tteshan"]
[Black "Denis_Palkovich"]
[Result "0-1"]
[WhiteElo "2254"]
[BlackElo "2242"]
[TimeControl "180+2"]
[EndTime "13:38:09 PDT"]
[Termination "Denis_Palkovich won by resignation"]

1. e4 c6 2. d4 d5 3. Nc3 dxe4 4. Nxe4 Nf6 5. Nxf6+ exf6 6. Nf3 Bf5 7. Bd3 Bxd3 8.
Qxd3 Bd6 9. O-O O-O 10. Re1 Nd7 11. Be3 Qc7 12. Rad1 Rfe8 13. h3 Rad8 14. c3 Nf8 15. Nd2 Qd7 16. Ne4 Bc7 17. Nc5 Qc8 18. Qc2 b6 19. Nd3 Qa6 20. b3 Ng6 21. Nb4 Qb7 22.
c4 a5 23. Nd3 Qc8 24. Re2 Qf5 25. Rde1 h5 26. Qd2 Re4 27. a3 Nh4 28. f3 Rexd4 29. Bxd4 Rxd4 30. Re8+ Kh7 31. Qf2 Qxd3 32. Rc8 Be5 33. Rxc6 Nf5 34. Rxb6 Bg3 35. Qe2 Bxe1 36. Qxe1 Qd1 37. Qxd1 Rxd1+ 38. Kf2 Rd3 39. Ke2 Rc3 40. Kd2 Re3 41. g4 Rxf3 42. gxf5 Rxh3 43. c5 h4 44. c6 Rh2+ 45. Ke3 Rc2 46. Kf3 Kh6 47. b4 axb4 48. axb4 Kg5 49. b5 Kxf5 50. Ra6 g5 51. Ra4 Rc3+ 52. Kg2 g4 53. Rb4 Rc2+ 54. Kf1 h3 55. b6 h2 56. Rb5+ Kf4 57. Rb4+ Kg5 58. Rb5+ Kh4 0-1

[Event "*** Titled Tuesday Blitz"]
[Site "Chess.com"]
[Date "2019.06.04"]
[Round "3"]
[White "GelmanAlexander"]
[Black "maciek_92"]
[Result "0-1"]
[WhiteElo "2594"]
[BlackElo "2680"]
[TimeControl "180+2"]
[EndTime "13:38:10 PDT"]
[Termination "maciek_92 won by resignation"]

1. d4 Nf6 2. Nc3 d5 3. Bf4 e6 4.
Nb5 Bd6 5. Nxd6+ cxd6 6. e3 Nc6 7. Nf3 O-O 8. Be2 Ne7 9. h3 Ng6 10. Bh2 a5 11. O-O b6 12. a4 Ba6 13. Bxa6 Rxa6 14. Qd3 Ra7 15. Nd2 Rc7 16. c3 Qd7 17.
Qb5 Qxb5 18. axb5 Rd8 19. Rfc1 Ne8 20. Kf1 Rdc8 21. Ke2 Kf8 22. Kd3 Ke7 23. b3 Nh4 24. g4 f5 25. Bg3 Ng6 26. gxf5 exf5 27. c4 Nf6 28. Rc2 Ne4 29. Rac1 Kd7 30. cxd5 Rxc2 31.
Rxc2 Rxc2 32. Kxc2 Nxd2 33. Kxd2 Ne7 34. Kd3 Nxd5 35. f3 Nc7 36. e4 fxe4+ 37. fxe4 Nxb5 38. Kc4 Nc7 39. d5 b5+ 40. Kd4 Na6 41. Be1 a4 42. bxa4 bxa4 43. Kc4 a3 44. Bc3 g6 45. Bd4 Nc5 46. e5 dxe5 47. Bxe5 Ne4 48. Kb3 Ng5 49. h4 Nf3 50. Bg3 Nd4+ 51. Kxa3 Nf5 52. Bf2 Kd6 53. Kb3 Kxd5 54. Kc3 Ke4 55. Kd2 Kf3 56. Ke1 Kg4 57. Kf1 Nxh4 58. Kg1 Nf3+ 59. Kg2 h5 60. Be3 h4 61.
Kh1 h3 62. Bc5 g5 63. Bd6 Ne1 64. Bc7 Nd3 65. Bb8 Nf4 66. Bc7 Kf3 67. Ba5 g4 68.
Be1 g3 69. Kg1 Ne2+ 70. Kh1 g2+ 0-1